 Dungeon Crawl Stone Soup version 0.20-a0-526-g753eaab (webtiles) character file.

436 kae the Insei (level 6, -2/51 HPs)
             Began as a Draconian Transmuter on Jan 26, 2017.
             Slain by a sky beast (5 damage)
             ... on level 4 of the Dungeon.
             The game lasted 00:03:59 (3403 turns).

kae the Insei (Draconian Transmuter)                Turns: 3403, Time: 00:04:00

Health: -2/51      AC:  6    Str: 13    XL:     6   Next: 69%
Magic:  10/10      EV: 12    Int: 13    God:
Gold:   132        SH:  0    Dex: 13    Spells: 10/11 levels left

rFire    . . .     SeeInvis .     - Unarmed
rCold    . . .     Gourm    .   (armour unavailable)
rNeg     . . .     Faith    .   (no shield)
rPois    .         Spirit   .   (helmet restricted)
rElec    .         Reflect  .   (no cloak)
rCorr    .         Harm     .   (no gloves)
MR       .....                  (boots currently unavailable)
Stlth    +.........             (no amulet)
Regen    0.2/turn               (no ring)
                                (no ring)

@: appendage
A: unfitting armour, talons 3, cold-blooded, AC +6
a: End Transformation


You were on level 4 of the Dungeon.
You were hungry.
You had grown temporary talons.
You visited 1 branch of the dungeon, and saw 4 of its levels.

You collected 132 gold pieces.

Inventory:

Hand Weapons
 a - a +2 shortbow of flaming
Missiles
 o - 43 arrows
Wands
 e - a wand of flame (24/48)
Scrolls
 f - a scroll of remove curse
 n - a scroll of blinking
 p - a scroll of enchant armour {unknown}
Potions
 d - 3 potions of heal wounds
 g - a potion of berserk rage
 i - a potion of curing
 j - a potion of haste {unknown}
 k - a potion of mutation {unknown}
 m - a potion of might {unknown}
 q - 2 potions of cancellation {unknown}
Books
 b - a book of Changes

   Spells                             Type                      Level
   a - Beastly Appendage              Transmutation                1
   b - Sticks to Snakes               Transmutation                2
   c - Spider Form                    Transmutation/Poison         3
   d - Ice Form                       Ice/Transmutation            4
   e - Blade Hands                    Transmutation                5
Comestibles
 c - 3 bread rations
 h - 2 meat rations
 l - a chunk of flesh


   Skills:
 + Level 3.1 Fighting
 - Level 1.7 Dodging
 * Level 4.8 Unarmed Combat
 + Level 3.1 Spellcasting
 * Level 4.6 Transmutations


You had 10 spell levels left.
You knew the following spells:

 Your Spells              Type           Power        Failure   Level  Hunger
a - Beastly Appendage     Tmut           ##....       4%          1    #......


Dungeon Overview and Level Annotations

Branches:
Dungeon (4/15)
 Temple: D:4-7

Altars:


Innate Abilities, Weirdness & Mutations

Your plain brown scales are hard. (AC +6)
You cannot fit into any form of body armour.
You are cold-blooded and may be slowed by cold attacks.
You have claws for feet.


Message History

The sky beast hits you. The sky beast shocks you.
You are feeling hungry.
You closely miss the sky beast. You tail-slap the sky beast.
The sky beast is severely wounded.
The sky beast barely misses you.
You barely miss the sky beast.
You claw the sky beast, but do no damage.
The sky beast is severely wounded.
The sky beast flickers out of sight!
Deactivating autopickup; reactivate with Ctrl-A.
Something hits you. Something shocks you.
* * * LOW HITPOINT WARNING * * *
You miss something. Something hits you.
* * * LOW HITPOINT WARNING * * *
Something shocks you.
* * * LOW HITPOINT WARNING * * *
You barely miss something. Your kick misses something. Something hits you.
* * * LOW HITPOINT WARNING * * *
Something shocks you.
You die...

..........#.......###.........(.#
................#....###...#.....
..........#......................
###########........†..###.##..#..
#....<.................
#......<...####........
#..........# ##........
######.#######......### #@#
.............. #{##.#............
######.#....#.......###
#........$...........
...####.###..##.##..... .... ##.
##.... ###(# # ##... ..# (..


There were no monsters in sight!

Vanquished Creatures
  Sigmund (D:3)
  A howler monkey (D:4)
  2 orc priests (D:3)
  Ijyb (D:3)
  A hound skeleton (D:4)
  5 adders
  2 oozes
  A worm (D:2)
  2 dart slugs
  5 leopard geckos
  3 orcs
  4 ball pythons
  7 bats
  5 giant cockroaches
  6 goblins
  4 hobgoblins
  9 jackals
  6 kobolds
  4 quokkas
  4 frilled lizards
  10 rats
83 creatures vanquished.

Notes
Turn   | Place    | Note
-------+----------+-------------------------------------------
     0 | D:1      | kae the Draconian Transmuter began the quest for the Orb.
     0 | D:1      | Reached XP level 1. HP: 16/16 MP: 3/3
   312 | D:1      | Reached XP level 2. HP: 16/23 MP: 3/5
   825 | D:1      | Reached XP level 3. HP: 27/28 MP: 6/6
  1470 | D:2      | Reached XP level 4. HP: 35/36 MP: 7/7
  1985 | D:3      | Noticed Sigmund
  2019 | D:3      | Killed Sigmund
  2019 | D:3      | Reached XP level 5. HP: 27/44 MP: 6/9
  2277 | D:3      | Noticed Ijyb
  2301 | D:3      | Killed Ijyb
  2301 | D:3      | Reached XP level 6. HP: 30/50 MP: 8/10
  3380 | D:4      | Noticed a sky beast
  3403 | D:4      | Slain by a sky beast

Vault maps used:
D:1:      ncdulo_smallfort, due_unseen_surprise
D:2:      first_bread
D:3:      uniq_sigmund, uniq_iyjb

Skill      XL: |  1  2  3  4  5  6 |
---------------+-------------------+-----
Transmutations | 3 4 |  4.6
Fighting       | 2 3 |  3.1
Unarmed Combat | 4 |  4.8
Spellcasting   | 3 |  3.1
Dodging        | |  1.7

Action                   |  1- 3 |  4- 6 || total
-------------------------+-------+-------++-------
Melee: Unarmed           |   137 |   180 ||   317
       Tailslap          |    13 |    21 ||    34
       Punch             |     1 |     4 ||     5
       Kick              |     6 |    12 ||    18
       Headbutt          |       |     2 ||     2
 Fire: Shortbow          |       |     9 ||     9
 Cast: Beastly Appendage |     3 |    16 ||    19
  Use: Scroll            |     6 |     3 ||     9
       Potion            |       |     4 ||     4
 Stab: Sleeping          |     1 |     1 ||     2
  Eat: Chunk             |     2 |     6 ||     8
Armor: Skin              |    34 |    43 ||    77
Dodge: Dodged            |    86 |    98 ||   184
